 Dungeon Crawl Stone Soup version 0.28.0-62-gf88900778d (webtiles) character file.

Game seed: 14807119638454999648

581560 cbfl8 the Minotaur Barricade (level 25, -1/237 (257) HPs)
             Began as a Minotaur Berserker on Apr 26, 2023.
             Was a High Priest of Trog.
             Slain by a wandering mushroom (9 damage)
             ... summoned by a curse toe
             ... on level 5 of the Realm of Zot on Apr 27, 2023.
             The game lasted 03:16:37 (109764 turns).

cbfl8 the Minotaur Barricade (Minotaur Berserker) Turns: 109764, Time: 03:16:38

HP:   -1/237 (257)  AC: 35    Str: 29    XL:     25   Next: 95%
MP:   33/33         EV:  7    Int:  8    God:    Trog [*****.]
Gold: 6201          SH:  0    Dex: 18    Spells: 24/24 levels left

rFire   + + .      SeeInvis .   R - +10 war axe of Hubris {vorpal, rF+ MP+9}
rCold   + + +      Faith    .   f - +5 tower shield {reflect}
rNeg    . . .      Spirit   .   H - +0 gold dragon scales
rPois   +          Reflect  +   (helmet restricted)
rElec   +          Harm     .   w - +2 cloak
rCorr   +          Rampage  .   N - +2 pair of gloves {Stlth+}
Will    +++++                   V - +2 pair of boots {Stlth+}
Stlth   ..........              S - amulet of Zin's Generosity {RegenMP rElec Will+ Str+3}
HPRegen 1.49/turn               M - ring "Yfilagut" {rC+ Will++ rCorr MP+9 Str-4}
MPRegen 0.63/turn               t - ring of Moderation {Fly rC+ Str+6}

@: strong-willed, flying, held, regenerating, studying Short Blades, drained,
invisible, unable to read
A: horns 2, retaliatory headbutt, clever 2, clumsy 1, low MP 3, inability to
read while threatened
}: 3/15 runes: barnacled, silver, gossamer
a: Renounce Religion, Berserk, Trog's Hand, Brothers in Arms


You were on level 5 of the Realm of Zot.
You worshipped Trog.
Trog was extremely pleased with you.
You visited 9 branches of the dungeon, and saw 48 of its levels.
You visited the Abyss 1 time.
You visited 1 bazaar.
You also visited: Gauntlet, Ice Cave and Volcano.

You collected 9011 gold pieces.
You spent 2810 gold pieces at shops.

Inventory:

Hand Weapons
 v - a +9 antimagic broad axe
 R - the +10 war axe of Hubris (weapon) {vorpal, rF+ MP+9}
   (You took it off a minotaur in a Gauntlet)

   It inflicts extra damage upon your enemies.
   rF:        It protects you from fire.
   MP:        It affects your magic capacity (+9).
Armour
 f - a +5 tower shield of reflection (worn)
 u - the +10 plate armour of Death's Door {Contam Dex+4 Stlth+}
   (You found it on level 13 of the Dungeon)

   Dex:       It affects your dexterity (+4).
   Contam:    It causes magical contamination when unequipped.
   Stlth:     It makes you more stealthy.
 w - a +2 cloak (worn)
 H - +0 gold dragon scales (worn)
 N - a +2 pair of gloves of stealth (worn)
 V - a +2 pair of boots of stealth (worn)
Jewellery
 t - the ring of Moderation (right hand) {Fly rC+ Str+6}
   (You bought it in a shop on level 13 of the Dungeon)

   [ring of flight]

   Str:       It affects your strength (+6).
   rC:        It protects you from cold.
   Fly:       It grants you flight.
 M - the ring "Yfilagut" (left hand) {rC+ Will++ rCorr MP+9 Str-4}
   (You found it on level 4 of the Spider Nest)

   [ring of magical power]

   Str:       It affects your strength (-4).
   rC:        It protects you from cold.
   MP:        It affects your magic capacity (+9).
   rCorr:     It protects you from acid and corrosion.
   Will:      It greatly increases your willpower.
 Q - the amulet of Atiqis {Reflect +Blink rPois rF- SH+5}
   (You found it on level 2 of the Depths)

   [amulet of reflection]

   It reflects blocked missile attacks.
   rF:        It makes you vulnerable to fire.
   rPois:     It protects you from poison.
   +Blink:    It lets you blink.
   SH:        It affects your SH (+5).
 S - the amulet of Zin's Generosity (around neck) {RegenMP rElec Will+ Str+3}
   (You found it on level 4 of the Depths)

   [amulet of magic regeneration]

   It increases your rate of magic regeneration.
   Str:       It affects your strength (+3).
   rElec:     It insulates you from electricity.
   Will:      It increases your willpower.
Wands
 j - a wand of acid (5)
 p - a wand of iceblast (43)
 s - a wand of mindburst (65)
 C - a wand of polymorph (31)
 D - a wand of digging (27) (quivered)
 K - a wand of paralysis (10)
 L - a wand of charming (12)
Scrolls
 b - 8 scrolls of silence
 e - a scroll of brand weapon
 h - 12 scrolls of teleportation
 o - 2 scrolls of summoning
 r - 19 scrolls of identify
 F - a scroll of enchant weapon
 G - a scroll of holy word
 T - 4 scrolls of fog
 U - 7 scrolls of fear
Potions
 a - 7 potions of haste
 g - 12 potions of curing
 i - a potion of magic
 k - 14 potions of might
 q - a potion of invisibility
 z - 4 potions of cancellation
 P - 6 potions of ambrosia
Miscellaneous
 c - a condenser vane (inert)
 d - a box of beasts
 l - a phial of floods
 m - a phantom mirror
 y - a lightning rod (4/4)
 A - a tin of tremorstones (2/2)
 E - a tin of tremorstones (2/2)


   Skills:
 O Level 27 Fighting
 + Level 25.7 Axes
 * Level 21.5 Armour
 + Level 12.5 Dodging
 + Level 12.9 Stealth
 O Level 27 Shields
 + Level 13.8 Evocations


You had 24 spell levels left.
You didn't know any spells.
Your spell library was empty.

Dungeon Overview and Level Annotations

Branches:
Dungeon (15/15)            Temple (0/1) D:4            Lair (6/6) D:8
 Shoals (4/4) Lair:2       Spider (4/4) Lair:3        Slime (0/5) Lair:6
    Orc (2/2) D:10            Elf (3/3) Orc:2        Vaults (5/5) D:13
  Crypt (0/3) Vaults:3     Depths (4/4) D:15            Zot (5/5) Depths:4
  IceCv (visited)         Volcano (visited)         Gauntlet (visited)

Altars:
Cheibriados
Fedhas
Gozag
Kikubaaqudgha
Qazlal
Ru
Trog
Wu Jian
Xom
Yredelemnul
Beogh

Shops:
D:7 *   D:8 =   D:12 (   D:13 =[(*=   Orc:2 =*(*   Elf:1 ?   Elf:2 [(   Elf:3 :
Shoals:2 !

Portals:
Hell: Depths:1 Depths:2 Depths:3 Depths:4
Abyss: Depths:2 Depths:3 Depths:4
Pandemonium: Orc:2 Depths:1 Depths:2
Ziggurat: Depths:2

Annotations:
D:3 2 runed translucent doors, cbfl8's ghost, amateur MiBe
D:12 2 transporters
Vaults:2 2 transporters, mantisjm's ghost, veteran HOFi


Innate Abilities, Weirdness & Mutations

You have a pair of horns on your head.
You reflexively headbutt those who attack you in melee.
Your mind is very acute. (Int +4)
You are clumsy. (Dex -2)
Your magical capacity is extremely low. (-30% MP)
You sometimes lose the ability to read scrolls when taking damage.


Message History

The Killer Klown blinks!
The wandering mushroom releases spores at you!
* * * LOW HITPOINT WARNING * * *
You are engulfed in a cloud of spores!
The wandering mushroom releases spores at you but does no damage.
You feel strangely stable.
Your magical effects are unravelling.
You feel magically purged.
You feel less confused.
Your resistance to elements expires.
The wandering mushroom completely misses you.
You furiously retaliate!
You headbutt the wandering mushroom!
The deathcap draws from the surrounding life force!
* * * LOW HITPOINT WARNING * * *
The wandering mushroom releases spores at you but does no damage.
The wandering mushroom releases spores at you.
* * * LOW HITPOINT WARNING * * *
You are engulfed in a cloud of spores!
The wandering mushroom closely misses you.
You cannot read scrolls in your current state!
Drinking this now will have no effect.
You fade into invisibility!
The balrug hits you with a +1 demon whip of draining.
* * * LOW HITPOINT WARNING * * *
You are engulfed in flames.
You resist.
* * * LOW HITPOINT WARNING * * *
You feel drained.
* * * LOW HITPOINT WARNING * * *
The wandering mushroom releases spores at you but does no damage. x2
The wandering mushroom barely misses you.
The wandering mushroom closely misses you.
Okay, then.
Your skin crawls.
You feel strong-willed.
You hear an explosion!
The curse toe calls on the powers of darkness!
Your body is wracked with pain!
* * * LOW HITPOINT WARNING * * *
The Killer Klown convulses!
The wandering mushroom releases spores at you!
You die...

**.....X,,,^,,,,,****
*▓8....##▓▓▓▓▓▓▓▓▓▓▓#
**...............^...###
**,...........†...##..1X##
*,,................###{*2########
,,,........^....)...###..T.......
,,,.............2...# ##.........
,,,....(......ffpf..# #.........
,,,..........^°z@ff.# ##........
,,,.............ff..# #........
,,^^................# ##........
*,,.^....^.........## #.........
**,...............## ##.........
**..........^...## #........).
*############### ########.##
#...⌠..# #########......##


You could see a Killer Klown, a curse toe, a balrug (summoned), a deathcap
(summoned) and 6 wandering mushrooms.

Vanquished Creatures
  4 dread liches
  2 ancient liches (Vaults:5)
  2 orbs of fire
  Bai Suzhen (Vaults:4)
  Saint Roka (Orc:2)
  Margery (Vaults:3)
  6 Killer Klowns
  2 caustic shrikes (Depths:4)
  7 curse toes (Zot:2)
  6 golden dragons
  Nikola (Vaults:1)
  Arachne (Spider:4)
  An electric golem (Zot:1)
  14 tentacled monstrosities
  Jorgrun (D:15)
  10 Orb Guardians
  Rupert (Orc:2)
  Mlioglotl (Shoals:4)
  A lich (Depths:4)
  A titan (Depths:4)
  8 quicksilver dragons
  A deep elf blademaster (Elf:3)
  3 deep elf master archers (Elf:3)
  8 death cobs
  The ghost of turdburglar the Warrior, an adept MiFi of Gozag (Shoals:1)
  6 sphinxes
  Donald (Elf:2)
  9 storm dragons
  5 tengu reavers
  8 fire giants
  9 shadow dragons
  6 draconian monks
  12 deep elf sorcerers
  A rockslime (Zot:5)
  7 draconian knights
  A fenstrider witch (Depths:2)
  6 emperor scorpions (Spider:4)
  9 frost giants
  2 orc warlords
  Louise (Spider:3)
  4 ghost moths
  2 iron dragons (Vaults:5)
  Aizul (Spider:1)
  8 draconian scorchers
  16 vault wardens
  2 draconian stormcallers
  4 draconian shifters
  6 spriggan defenders
  18 ironbound preservers
  16 stone giants
  21 very ugly things
  10 deep elf elementalists
  A juggernaut skeleton (Depths:3)
  4 draconian annihilators
  3 broodmothers
  5 war gargoyles
  An eleionoma (Depths:2)
  5 ironbound thunderhulks
  16 green draconians
  16 black draconians
  A deep elf demonologist (Elf:3)
  11 dire elephants
  14 entropy weavers
  10 purple draconians
  A minotaur (Gauntlet)
  4 white draconians
  The ghost of cbfl8 the Severer, a journeyman MiBe of Trog (D:12)
  4 spark wasps
  5 deep elf annihilators
  9 red draconians
  7 deep elf death magi
  7 yellow draconians
  A green death (Gauntlet)
  9 ettins
  5 merfolk impalers
  The ghost of Ohall the Unseen, a journeyman VSBr of Ru (Lair:4)
  5 fire dragons
  A fire dragon (shapeshifter) (Vaults:5)
  A crystal guardian (Vaults:3)
  3 jiangshi
  Josephine (D:15)
  3 merfolk javelineers
  10 deep elf high priests
  18 yaktaur captains
  30 vault guards
  9 hydras
  7 ice dragons
  8 great orbs of eyes
  2 jorogumos
  Harold (D:7)
  3 rakshasas
  An ice dragon (shapeshifter) (Vaults:5)
  Fannar (Lair:2)
  6 boulder beetles
  2 peacekeepers
  2 radroaches (Spider:3)
  3 ogre magi
  3 salamander tyrants (Depths:2)
  2 spriggan air magi (Depths:4)
  5 catoblepae
  9 merfolk aquamancers
  7 ironbound frosthearts
  20 centaur warriors
  2 demonspawn (Orc:2)
  3 merfolk avatars
  7 tengu warriors
  29 dancing weapons
  17 two-headed ogres
  2 alligator snapping turtles (Shoals:4)
  12 deep troll earth magi
  4 satyrs
  A two-headed ogre (shapeshifter) (Depths:4)
  5 vampire magi
  2 death knights (D:13)
  11 death yaks
  A death scarab (Gauntlet)
  6 deep troll shamans
  A shock serpent (shapeshifter) (Depths:3)
  7 orc high priests (Orc:2)
  A storm dragon zombie (Depths:3)
  13 hell knights
  A soul eater (Depths:1)
  A titan zombie (Depths:3)
  Nergalle (D:11)
  4 large abominations
  A spriggan berserker (Depths:1)
  2 sun demons
  16 deep elf knights
  2 shadow wraiths
  9 iron trolls
  4 sixfirhies
  4 pharaoh ants
  6 steelbarb worms
  5 glowing orange brains
  2 golden dragon zombies (Depths:3)
  58 deep trolls
  3 flayed ghosts
  8 sea snakes
  A shadow demon (Depths:1)
  2 sun moths (Spider:4)
  3 spriggan druids (Depths:3)
  4 orb spiders
  A steelbarb worm (shapeshifter) (Elf:2)
  A sea snake (shapeshifter) (D:15)
  2 bog bodies (IceCv)
  6 deep elf archers
  8 phantasmal warriors
  32 deep elf pyromancers
  2 golden dragon skeletons (Depths:3)
  18 harpies
  14 necromancers
  13 wizards
  4 lindwurms (Vaults:4)
  23 ironbound convokers
  8 orc knights
  A tengu skeleton (Vaults:2)
  26 deep elf zephyrmancers
  25 wolf spiders
  6 fauns
  A shining eye (Depths:2)
  7 orc sorcerers (Orc:2)
  2 manticores (shapeshifter)
  8 cyclopes
  19 manticores
  70 ugly things
  23 moths of wrath
  A stone giant zombie (Vaults:4)
  A fire giant skeleton (Vaults:4)
  7 merfolk sirens
  3 torpor snails
  18 vault sentinels
  A rust devil (Depths:1)
  4 salamanders
  8 water nymphs
  A titan simulacrum (Vaults:2)
  9 black mambas
  An eye of devastation (Depths:2)
  2 gargoyles
  An ice statue (IceCv)
  2 orange demons
  9 apocalypse crabs (Zot:2)
  15 elephants (Lair:6)
  A smoke demon (Orc:2)
  2 elf zombies
  16 cane toads
  6 demonic crawlers
  8 rime drakes
  An efreet (D:9)
  An anaconda simulacrum (IceCv)
  6 kobold demonologists
  11 komodo dragons
  An unseen horror (Depths:2)
  25 yaktaurs
  A dryad (Depths:2)
  3 tengu conjurers (Depths:4)
  3 red devils
  3 entropy weaver simulacra (IceCv)
  A merfolk (shapeshifter) (Vaults:4)
  A shadow dragon simulacrum (Depths:3)
  5 trolls
  9 meliai
  17 tarantellas
  A human zombie (Vaults:4)
  17 merfolk
  2 polar bears
  28 slime creatures
  Prince Ribbit (D:5)
  12 hornets
  19 blink frogs
  10 wind drakes
  8 snapping turtles
  A human simulacrum (Vaults:4)
  10 dream sheep
  A meliai zombie (D:11)
  An ettin zombie (Vaults:4)
  A fire giant simulacrum (Depths:3)
  14 jumping spiders
  A spectral black mamba (Gauntlet)
  3 shadows (Gauntlet)
  Sigmund (D:6)
  3 air elementals
  54 yaks
  A spriggan (shapeshifter) (Depths:4)
  11 spriggans
  10 water elementals
  18 culicivoras
  3 dire elephant simulacra (IceCv)
  7 basilisks
  10 wraiths
  18 wyverns
  7 fire bats
  4 small abominations (Depths:2)
  A hog (shapeshifter) (D:15)
  3 steam dragons
  6 chaos spawn (Depths:2)
  5 fire elementals
  57 redbacks
  A basilisk (shapeshifter) (D:14)
  A death yak simulacrum (IceCv)
  A redback (shapeshifter) (Vaults:4)
  12 vampire mosquitoes
  Menkaure (D:6)
  3 wargs
  An acid dragon (shapeshifter) (Vaults:5)
  2 acid dragons
  A hell hound (Lair:4)
  21 water moccasins
  37 orc warriors
  A swamp drake (shapeshifter) (Vaults:5)
  An ice beast (D:4)
  A hornet zombie (D:7)
  6 black bears
  A tengu (shapeshifter) (Vaults:5)
  16 ogres
  16 wolves
  6 centaurs
  A human skeleton (Vaults:2)
  7 phantoms
  19 kobold brigands
  Blork the orc (D:6)
  12 bullfrogs
  2 gnoll sergeants
  An earth elemental (Elf:3)
  A water moccasin zombie (D:5)
  2 scorpions
  2 wyvern zombies
  5 two-headed ogre simulacra (IceCv)
  A cane toad simulacrum (IceCv)
  An ogre simulacrum (Vaults:2)
  2 elephant simulacra (IceCv)
  4 killer bees (D:6)
  8 wights
  3 vampire bats (Lair:1)
  4 electric eels
  2 howler monkeys
  3 centaur zombies
  2 centaur skeletons
  4 hounds
  22 orc priests
  A gnoll shaman (D:5)
  Crazy Yiuf (D:6)
  A bullfrog skeleton (D:6)
  An iguana (D:6)
  15 orc wizards
  6 spriggan simulacra (IceCv)
  12 hell rats
  9 troll simulacra (IceCv)
  2 wolf simulacra (IceCv)
  2 howler monkey skeletons (D:7)
  A howler monkey zombie (D:7)
  20 gnolls
  5 adders
  7 naga simulacra (IceCv)
  A shadow imp (D:7)
  7 white imps
  5 ufetubi
  An adder zombie (D:5)
  2 adder skeletons (D:4)
  2 worms
  4 dart slugs
  71 orcs
  6 endoplasms
  3 giant cockroaches
  4 goblins
  6 hobgoblins
  3 jackals (D:1)
  10 quokkas
  10 ball pythons
  8 bats
  5 frilled lizards
  28 kobolds
  6 rats
  A fire vortex (Lair:6)
2218 creatures vanquished.

Vanquished Creatures (collateral kills)
  A tentacled monstrosity (Zot:1)
  2 storm dragons (Zot:1)
  A tengu reaver (Vaults:5)
  2 deep elf sorcerers (Elf:3)
  An ironbound preserver (D:13)
  A draconian annihilator (Zot:1)
  A deep elf demonologist (Elf:3)
  2 vault guards (Vaults:5)
  A hydra (D:13)
  2 centaur warriors (D:13)
  An orc knight (Orc:1)
  A deep elf zephyrmancer (Elf:1)
  2 deep elf pyromancers (Elf:1)
  A moth of wrath (Zot:1)
  A vampire (D:13)
  An orc warrior (Orc:1)
  3 centaurs (D:13)
  3 orcs (Orc:1)
27 creatures vanquished.

Vanquished Creatures (others)
  A draconian stormcaller (Zot:3)
  2 deep elf knights
  A wizard (Vaults:1)
  A deep elf zephyrmancer (Elf:2)
  A water elemental (Shoals:4)
  2 redbacks (Spider:2)
  A fire vortex (Lair:6)
  13 fungi
  144 plants
  2 withered plants (Shoals:1)
168 creatures vanquished.

Grand Total: 2413 creatures vanquished

Notes
Turn   | Place    | Note
-------+----------+-------------------------------------------
     0 | D:1      | cbfl8 the Minotaur Berserker began the quest for the Orb.
     0 | D:1      | Reached XP level 1. HP: 19/19 MP: 0/0
   303 | D:1      | Reached XP level 2. HP: 24/27 MP: 1/1
   935 | D:1      | Found a faded altar of an unknown god.
   974 | D:1      | Reached ** piety under Trog
  1206 | D:2      | Reached XP level 3. HP: 30/33 MP: 2/2
  1459 | D:2      | Noticed a scorpion
  1466 | D:2      | Killed a scorpion
  1467 | D:2      | Reached skill level 5 in Axes
  1467 | D:2      | Reached skill level 1 in Evocations
  1467 | D:2      | Reached XP level 4. HP: 33/41 MP: 3/3
  2231 | D:3      | Found a sacrificial altar of Ru.
  2236 | D:3      | Noticed a phantom
  2247 | D:3      | Killed a phantom
  2248 | D:3      | Reached XP level 5. HP: 47/47 MP: 4/4
  2582 | D:3      | Found a large runed translucent door.
  2582 | D:3      | Found a large runed translucent door.
  2583 | D:3      | Noticed cbfl8's ghost (amateur MiBe)
  2680 | D:3      | Found a blossoming altar of Fedhas.
  2942 | D:3      | Identified the +1 leather armour of Mordant Salvation {Harm
                  | Dex+5}
  2983 | D:4      | Noticed an ice beast
  2997 | D:4      | Killed an ice beast
  2998 | D:4      | Reached XP level 6. HP: 48/55 MP: 5/5
  3412 | D:4      | Reached skill level 5 in Fighting
  3449 | D:4      | Reached *** piety under Trog
  3669 | D:4      | Reached XP level 7. HP: 61/61 MP: 6/6
  3715 | D:4      | Found a staircase to the Ecumenical Temple.
  3804 | D:4      | Found a faded altar of an unknown god.
  3804 | D:4      | Found a faded altar of an unknown god.
  3811 | D:4      | Found a shimmering altar of Xom.
  3813 | D:4      | Found a bloodstained altar of Trog.
  3814 | D:4      | Found a snail-covered altar of Cheibriados.
  3964 | D:5      | Entered Level 5 of the Dungeon
  4267 | D:5      | Identified the +1 scale mail of the Onion {rC+ Will+}
  4268 | D:5      | Noticed Prince Ribbit
  4280 | D:5      | Killed Prince Ribbit
  4281 | D:5      | Reached skill level 5 in Armour
  4570 | D:5      | Reached XP level 8. HP: 61/70 MP: 5/7
  5149 | D:6      | Noticed a hornet
  5157 | D:6      | Killed a hornet
  5791 | D:6      | Reached skill level 5 in Dodging
  5791 | D:6      | Reached XP level 9. HP: 72/79 MP: 6/8
  5828 | D:6      | Noticed Blork the orc
  5829 | D:6      | Noticed Menkaure
  5836 | D:6      | Killed Blork the orc
  5837 | D:6      | Killed Menkaure
  6012 | D:6      | Noticed Sigmund
  6017 | D:6      | Killed Sigmund
  6018 | D:6      | Reached skill level 1 in Stealth
  6644 | D:6      | Found a runed translucent door.
  6645 | D:6      | Noticed Crazy Yiuf
  6651 | D:6      | Killed Crazy Yiuf
  6902 | D:7      | Found a stormy altar of Qazlal.
  6920 | D:7      | Noticed Harold
  7234 | D:7      | Killed Harold
  7235 | D:7      | Reached skill level 10 in Axes
  7257 | D:7      | Reached XP level 10. HP: 50/90 MP: 7/9
  7587 | D:7      | Found Hoyst's Lightly-Used Armoury.
  7634 | D:7      | Reached **** piety under Trog
  8187 | D:7      | Found a shimmering altar of Xom.
  8371 | D:8      | Found a sacrificial altar of Ru.
  8391 | D:8      | Found Oveibb's Jewellery Boutique.
  8433 | D:8      | Reached skill level 5 in Evocations
  8810 | D:8      | Noticed a deep elf pyromancer
  8834 | D:8      | Killed a deep elf pyromancer
  8870 | D:8      | Found a staircase to the Lair.
  8911 | D:8      | Noticed a manticore
  9623 | D:8      | Noticed a sixfirhy
 10120 | D:8      | Killed a manticore
 10190 | D:8      | Noticed an orange demon
 10191 | D:8      | Noticed a rust devil
 10375 | D:8      | Found an ornate altar of the Wu Jian Council.
 10375 | D:8      | Noticed a two-headed ogre
 10380 | D:8      | Killed a two-headed ogre
 10381 | D:8      | Reached XP level 11. HP: 64/99 MP: 5/10
 10719 | D:9      | Reached skill level 10 in Fighting
 11546 | D:9      | Noticed a two-headed ogre
 11552 | D:9      | Killed a two-headed ogre
 13322 | D:10     | Entered Level 10 of the Dungeon
 13373 | D:10     | Noticed a sun demon
 13527 | D:10     | Found a staircase to the Orcish Mines.
 13553 | D:10     | Noticed a two-headed ogre
 13558 | D:10     | Killed a two-headed ogre
 14026 | D:10     | Found a runed translucent door.
 14027 | D:10     | Noticed an ettin
 14253 | D:10     | Killed an ettin
 14257 | D:10     | Noticed a purple ugly thing
 14269 | D:10     | Noticed a yaktaur captain
 14634 | D:10     | Identified the +6 great mace of Uzarider {flame, Fly Int+7}
 14743 | D:10     | Noticed a white ugly thing
 14751 | D:10     | Killed a white ugly thing
 14863 | D:10     | Noticed a two-headed ogre
 14873 | D:10     | Killed a two-headed ogre
 14874 | D:10     | Reached skill level 10 in Armour
 15038 | D:10     | Killed a purple ugly thing
 15112 | D:10     | Killed a yaktaur captain
 15834 | D:11     | Reached XP level 12. HP: 110/110 MP: 9/11
 15951 | D:11     | Noticed Nergalle
 15956 | D:11     | Killed Nergalle
 16170 | D:11     | Noticed a boulder beetle
 16189 | D:11     | Killed a boulder beetle
 16517 | D:12     | Found Usiships's Weapon Boutique.
 16549 | D:12     | Noticed a boulder beetle
 16628 | D:12     | Killed a boulder beetle
 16800 | D:12     | Found a runed translucent gate.
 16800 | D:12     | Found a runed translucent gate.
 16800 | D:12     | Found a runed translucent gate.
 16802 | D:12     | Noticed cbfl8's ghost (journeyman MiBe)
 16809 | D:12     | Noticed an eight-headed hydra
 16816 | D:12     | Killed a six-headed hydra
 17167 | D:12     | Found a transporter.
 17355 | D:12     | Found a transporter.
 17730 | D:13     | Found Dycarr's Jewellery Shoppe.
 18034 | D:13     | Noticed a centaur warrior
 18034 | D:13     | Noticed a centaur warrior
 18038 | D:13     | Killed a centaur warrior
 18041 | D:13     | Killed a centaur warrior
 18117 | D:13     | Found Ylonaten's Armour Shop.
 18123 | D:13     | Noticed a death knight
 18132 | D:13     | Killed a death knight
 18143 | D:13     | Bought a +0 tower shield for 54 gold pieces
 18156 | D:13     | Found a frozen archway.
 18170 | IceCv    | Entered an ice cave
 18418 | IceCv    | Reached skill level 5 in Stealth
 19166 | IceCv    | Reached ***** piety under Trog
 19643 | IceCv    | Reached skill level 1 in Shields
 19680 | IceCv    | Reached XP level 13. HP: 72/119 MP: 7/12
 20154 | D:13     | Found Vonaah's Jewellery Boutique.
 20720 | D:13     | Bought an amulet of reflection for 540 gold pieces
 20756 | D:13     | Reached skill level 15 in Axes
 20764 | D:13     | Found Doesho's Antique Weapon Boutique.
 20967 | D:13     | Found Wugohuy's Assorted Antiques.
 20973 | D:13     | Bought a pair of slimy boots for 304 gold pieces
 20973 | D:13     | Identified the -3 pair of boots "Weffen" {rN++} (You bought
                  | it in a shop on level 13 of the Dungeon)
 21714 | D:13     | Noticed an ironbound preserver
 21729 | D:13     | Killed an ironbound preserver
 22023 | D:13     | Found a gate to the Vaults.
 22229 | D:13     | Identified the +10 plate armour of Death's Door {Contam
                  | Dex+4 Stlth+}
 23851 | D:15     | Entered Level 15 of the Dungeon
 23892 | D:15     | Found a blossoming altar of Fedhas.
 24329 | D:15     | Reached XP level 14. HP: 94/129 MP: 13/13
 24721 | D:15     | Found the dreamshard necklace {*Dream Drain}
 25111 | D:15     | Noticed Jorgrun
 25128 | D:15     | Killed Jorgrun
 25293 | D:15     | Noticed Josephine
 25301 | D:15     | Killed Josephine
 25489 | D:15     | Found a staircase to the Depths.
 25766 | Lair:1   | Entered Level 1 of the Lair of Beasts
 26531 | Lair:2   | Noticed Fannar
 26536 | Lair:2   | Killed Fannar
 26546 | Lair:2   | Received a gift from Trog
 26684 | Lair:2   | Found a staircase to the Shoals.
 27860 | Lair:4   | Reached XP level 15. HP: 107/138 MP: 14/14
 28297 | Lair:4   | Found a runed translucent door.
 28349 | Lair:4   | Noticed Ohall's ghost (journeyman VSBr)
 28672 | Lair:4   | Killed Ohall's ghost
 28674 | Lair:4   | Identified the +3 long sword "Wuorar" {vamp, rN+}
 28815 | Lair:5   | Found the +4 skin of Zhor {*Englaciate rC+++ SInv}
 29146 | Lair:5   | Reached skill level 10 in Evocations
 29693 | Lair:6   | Entered Level 6 of the Lair of Beasts
 29714 | Lair:5   | Identified the +1 spear "Sarcophage" {antimagic, rF+ Dex+4
                  | SInv}
 29847 | Lair:6   | Found a staircase to the Slime Pits.
 29892 | Lair:6   | Found a gate leading to a gauntlet.
 29911 | Gauntlet | Entered a Gauntlet
 29911 | Gauntlet | Found a transporter.
 29911 | Gauntlet | Found a transporter.
 29911 | Gauntlet | Found a transporter.
 30073 | Gauntlet | Found a transporter.
 30077 | Gauntlet | Found a transporter.
 30079 | Gauntlet | Found a transporter.
 30084 | Gauntlet | Found a transporter.
 30086 | Gauntlet | Found a transporter.
 30088 | Gauntlet | Found a transporter.
 30088 | Gauntlet | Found a transporter.
 30096 | Gauntlet | Found a transporter.
 30096 | Gauntlet | Found a transporter.
 30448 | Gauntlet | Identified the +1 hat of the Desolation of Salt {rPois
                  | Int+6 Dex-4}
 30747 | Gauntlet | Identified the +10 war axe of Hubris {vorpal, rF+ MP+9}
 31005 | Lair:6   | Received a gift from Trog
 32540 | Lair:6   | Reached skill level 15 in Armour
 32581 | Lair:6   | Identified the +6 scale mail of Inviolability {*Slow rC+
                  | Int+2}
 33055 | Orc:1    | Entered Level 1 of the Orcish Mines
 33313 | Orc:2    | Entered Level 2 of the Orcish Mines
 33370 | Orc:2    | Reached skill level 5 in Shields
 33417 | Orc:2    | Noticed Rupert
 33418 | Orc:2    | Paralysed by Rupert for 3 turns
 33515 | Orc:2    | Received a gift from Trog
 33525 | Orc:2    | Killed Rupert
 33526 | Orc:2    | Reached XP level 16. HP: 39/147 MP: 5/15
 33598 | Orc:2    | Noticed Saint Roka
 33630 | Orc:2    | Killed Saint Roka
 33631 | Orc:2    | Reached skill level 15 in Fighting
 33684 | Orc:2    | Found a dark tunnel.
 33696 | Volcano  | Entered a volcano
 34575 | Orc:2    | Found a staircase to the Elven Halls.
 34986 | Orc:2    | Found Lovediu's General Store.
 35001 | Orc:2    | Found Banlu Qia's General Store.
 35516 | Orc:2    | Received a gift from Trog
 36127 | Orc:2    | Found Zaenk's Antique Weapon Boutique.
 36127 | Orc:2    | Found Tatu's Jewellery Shop.
 36128 | Orc:2    | Found a one-way gate leading to the halls of Pandemonium.
 36416 | D:13     | Bought the ring of Moderation {Fly rC+ Str+6} for 793 gold
                  | pieces
 37758 | Lair:3   | Found a hole to the Spider Nest.
 38080 | Spider:1 | Entered Level 1 of the Spider Nest
 38144 | Spider:1 | Noticed Aizul
 38155 | Spider:1 | Killed Aizul
 39554 | Spider:2 | Reached ****** piety under Trog
 40614 | Spider:2 | Reached XP level 17. HP: 157/157 MP: 16/16
 40850 | Spider:3 | Reached skill level 10 in Stealth
 40897 | Spider:3 | Gained mutation: You are frail. (-10% HP) [mutagenic glow]
 42026 | Spider:3 | Received a gift from Trog
 43246 | Spider:4 | Entered Level 4 of the Spider Nest
 43394 | Shoals:1 | Entered Level 1 of the Shoals
 43704 | Shoals:1 | Found a runed translucent door.
 43704 | Shoals:1 | Noticed turdburglar's ghost (adept MiFi)
 44242 | Shoals:1 | Killed turdburglar's ghost
 45006 | Shoals:2 | Found Ladou's Distillery.
 45533 | Shoals:2 | Bought a potion of heal wounds for 70 gold pieces
 45533 | Shoals:2 | Bought a potion of heal wounds for 70 gold pieces
 46280 | Shoals:3 | Reached skill level 10 in Shields
 46286 | Shoals:3 | Received a gift from Trog
 47245 | Shoals:4 | Entered Level 4 of the Shoals
 47883 | Shoals:4 | Noticed Mlioglotl
 47895 | Shoals:4 | Noticed a bone dragon
 49140 | Shoals:4 | Received a gift from Trog
 49203 | Shoals:4 | Noticed a lich
 49203 | Shoals:4 | Killed Mlioglotl
 49526 | Shoals:4 | Reached XP level 18. HP: 120/151 MP: 17/17
 49910 | Shoals:4 | Got a barnacled rune of Zot
 51356 | Spider:4 | Noticed Arachne
 51778 | Spider:4 | Killed Arachne
 52194 | Spider:4 | Noticed Louise
 53027 | Spider:4 | Cast into level 3 of the Abyss (Louise)
 53073 | Spider:4 | Escaped the Abyss
 53091 | Spider:3 | Killed Louise
 53214 | Spider:4 | Received a gift from Trog
 53680 | Spider:4 | Identified the ring "Yfilagut" {rC+ Will++ rCorr MP+9
                  | Str-4}
 55996 | Spider:4 | Got a gossamer rune of Zot
 56494 | Vaults:1 | Entered Level 1 of the Vaults
 58045 | Vaults:1 | Noticed Nikola
 58054 | Vaults:1 | Killed Nikola
 58200 | Vaults:1 | Reached XP level 19. HP: 135/161 MP: 18/18
 60275 | Vaults:2 | Received a gift from Trog
 60777 | Vaults:2 | Reached skill level 15 in Shields
 60859 | Vaults:2 | Noticed a dread lich
 60883 | Vaults:2 | Killed a dread lich
 62762 | Vaults:2 | Noticed mantisjm's ghost (veteran HOFi)
 62764 | Vaults:2 | Found a transporter.
 62814 | Vaults:2 | Found a transporter.
 63750 | Vaults:3 | Received a gift from Trog
 65148 | Vaults:3 | Reached XP level 20. HP: 166/166 MP: 19/19
 65380 | Vaults:3 | Noticed Margery
 66218 | Vaults:3 | Received a gift from Trog
 66362 | Vaults:3 | Killed Margery
 67044 | Vaults:3 | Found a staircase to the Crypt.
 67044 | Vaults:3 | Found a basalt altar of Yredelemnul.
 67045 | Vaults:3 | Found an ancient bone altar of Kikubaaqudgha.
 67915 | Vaults:4 | Noticed Bai Suzhen
 67931 | Vaults:4 | Killed Bai Suzhen
 68151 | Vaults:4 | Received a gift from Trog
 69106 | Vaults:4 | Received a gift from Trog
 69817 | Depths:1 | Entered Level 1 of the Depths
 69867 | Depths:1 | Found a gateway to Hell.
 69937 | Depths:1 | Reached XP level 21. HP: 183/183 MP: 20/20
 70336 | Depths:1 | Found a flickering gateway to a bazaar.
 70343 | Bazaar   | Entered a bazaar
 70515 | Bazaar   | Found Cuffuuq's Antique Weapon Shoppe.
 70520 | Bazaar   | Found Rihox's Assorted Antiques.
 70526 | Bazaar   | Found Ilit's Assorted Antiques.
 70533 | Bazaar   | Found Xatok's Distillery.
 70538 | Bazaar   | Bought a potion of curing for 63 gold pieces
 70548 | Bazaar   | Bought a potion of curing for 27 gold pieces
 70548 | Bazaar   | Bought a potion of heal wounds for 45 gold pieces
 70548 | Bazaar   | Bought a potion of curing for 27 gold pieces
 70562 | Bazaar   | Found Amadellu's Weapon Shop.
 70600 | Bazaar   | Bought a translucent battleaxe for 195 gold pieces
 70600 | Bazaar   | Identified the +0 battleaxe "Luinic" {venom, *Corrode rF++}
                  | (You bought it in a shop in a bazaar)
 70849 | Depths:1 | Found an opulent altar of Gozag.
 71150 | Depths:2 | Found a one-way gate to the infinite horrors of the Abyss.
 71168 | Depths:2 | Received a gift from Trog
 71995 | Depths:2 | Identified the amulet of Atiqis {Reflect +Blink rPois rF-
                  | SH+5}
 72308 | Depths:2 | Gained mutation: You are covered in fur. (AC +1) [a shining
                  | eye]
 72310 | Depths:2 | Gained mutation: You are weak. (Str -2) [a shining eye]
 72313 | Depths:2 | Gained mutation: Your magical capacity is low. (-10% MP) [a
                  | shining eye]
 72315 | Depths:2 | Received a gift from Trog
 72370 | Depths:2 | Found a one-way gateway to a ziggurat.
 72919 | Vaults:3 | Lost mutation: You are frail. (-10% HP) [potion of
                  | mutation]
 72919 | Vaults:3 | Lost mutation: You are covered in fur. (AC +1) [potion of
                  | mutation]
 72919 | Vaults:3 | Lost mutation: You are weak. (Str -2) [potion of mutation]
 72919 | Vaults:3 | Gained mutation: Your mind is acute. (Int +2) [potion of
                  | mutation]
 72919 | Vaults:3 | Gained mutation: Your mind is very acute. (Int +4) [potion
                  | of mutation]
 72919 | Vaults:3 | Lost mutation: Your magical capacity is low. (-10% MP)
                  | [potion of mutation]
 76580 | Depths:4 | Entered Level 4 of the Depths
 76748 | Depths:3 | Received a gift from Trog
 76880 | Depths:3 | Reached XP level 22. HP: 217/217 MP: 21/21
 77853 | Depths:4 | Found a gate to the Realm of Zot.
 78266 | Depths:4 | Received a gift from Trog
 78570 | Depths:4 | Noticed a golden dragon
 78580 | Depths:4 | Killed a golden dragon
 78584 | Depths:4 | Noticed a caustic shrike
 78592 | Depths:4 | Killed a caustic shrike
 79226 | Depths:4 | Identified the amulet of Zin's Generosity {RegenMP rElec
                  | Will+ Str+3}
 79520 | Depths:4 | Identified the +9 hand axe of Veumeme {flame, Fragile rC+
                  | rN+ Str+3} (Trog gifted it to you on level 4 of the Depths)
 79520 | Depths:4 | Received a gift from Trog
 80136 | Depths:4 | Noticed a caustic shrike
 80146 | Depths:4 | Killed a caustic shrike
 80162 | Depths:4 | Identified the amulet "Boschud" {RegenMP rN+ Dex+4}
 80162 | Depths:4 | Identified the ring of Mewk {rElec Will+ rCorr Str+4}
 81027 | Elf:1    | Entered Level 1 of the Elven Halls
 81141 | Orc:2    | Bought a scroll of teleportation for 51 gold pieces
 81557 | Elf:1    | Found Utyoloatt's Magic Scroll Emporium.
 81565 | Elf:1    | Bought a scroll of teleportation for 36 gold pieces
 81565 | Elf:1    | Bought a scroll of teleportation for 36 gold pieces
 81565 | Elf:1    | Bought a scroll of teleportation for 36 gold pieces
 81565 | Elf:1    | Bought a scroll of teleportation for 36 gold pieces
 81565 | Elf:1    | Bought a scroll of enchant weapon for 90 gold pieces
 81684 | Elf:1    | Received a gift from Trog
 81684 | Elf:1    | Paralysed by an air elemental for 1 turns
 82667 | Elf:1    | Paralysed by an air elemental for 1 turns
 83431 | Elf:2    | Found Jisaquq's Antique Armour Emporium.
 83442 | Elf:2    | Bought a pair of embroidered gloves for 225 gold pieces
 83569 | Elf:2    | Found a runed translucent gate.
 83569 | Elf:2    | Found a runed translucent gate.
 83569 | Elf:2    | Found a runed translucent gate.
 83695 | Elf:2    | Reached XP level 23. HP: 229/229 MP: 22/22
 83719 | Elf:2    | Reached skill level 10 in Dodging
 84109 | Elf:2    | Found Cirhaont's Weapon Shop.
 84381 | Elf:2    | Received a gift from Trog
 84424 | Elf:2    | Noticed Donald
 84446 | Elf:2    | Killed Donald
 85100 | Elf:3    | Entered Level 3 of the Elven Halls
 85536 | Elf:3    | Identified the +7 battleaxe "Rossaj" {vorpal, rC- SInv
                  | Stlth+} (Trog gifted it to you on level 3 of the Elven
                  | Halls)
 85536 | Elf:3    | Received a gift from Trog
 86593 | Elf:3    | Identified the +6 broad axe of Eleisor {venom, Dex+2}
 86598 | Elf:3    | Identified the +5 mace "Uliczock" {drain, Int+7 Stlth-}
 87033 | Elf:3    | Found Icodgh Giuv's Book Boutique.
 87862 | Vaults:5 | Entered Level 5 of the Vaults
 87862 | Vaults:5 | Noticed an ancient lich
 88120 | Vaults:5 | Noticed a dread lich
 88137 | Vaults:5 | Killed a dread lich
 88152 | Vaults:5 | Identified the amulet of Temmuxat {Spirit +Blink}
 88163 | Vaults:5 | Noticed an ancient lich
 88509 | Vaults:5 | Identified the +8 flail of Xaupn {vorpal, *Rage rPois rC+++
                  | rCorr}
 89003 | Vaults:5 | Received a gift from Trog
 89015 | Vaults:5 | Killed an ancient lich
 89455 | Vaults:5 | Reached XP level 24. HP: 222/237 MP: 22/22
 89778 | Vaults:5 | Identified the +8 quarterstaff of Omahyis {antimagic, Will+
                  | Str+4}
 89865 | Vaults:5 | Identified the +3 hunting sling of Zairphuiq {venom, Will++
                  | Str+2}
 90588 | Vaults:5 | Received a gift from Trog
 90749 | Vaults:5 | Killed an ancient lich
 91300 | Vaults:5 | Got a silver rune of Zot
 91955 | Zot:1    | Entered Level 1 of the Realm of Zot
 93793 | Zot:1    | Identified the +7 chain mail "Vil Aqec" {rN++ Will- Str+3
                  | Int+4}
 94388 | Zot:2    | Noticed an orb of fire
 94403 | Zot:2    | Gained mutation: Your magical capacity is low. (-10% MP)
                  | [an orb of fire]
 94408 | Zot:2    | Killed an orb of fire
 96639 | D:12     | Killed cbfl8's ghost
 96897 | Shoals:2 | Bought a potion of invisibility for 112 gold pieces
 99566 | Zot:2    | Identified the ring of Geyh {Will+ Int+4 Dex+6}
100494 | Zot:2    | Reached XP level 25. HP: 189/251 MP: 19/19
101228 | Zot:2    | Reached skill level 27 in Shields
104301 | Zot:4    | Received a gift from Trog
105512 | Zot:5    | Entered Level 5 of the Realm of Zot
107573 | Zot:3    | Gained mutation: You are clumsy. (Dex -2) [mutagenic glow]
108245 | Zot:5    | Noticed a Killer Klown
108245 | Zot:5    | Noticed a Killer Klown
108245 | Zot:5    | Noticed a Killer Klown
108245 | Zot:5    | Noticed a Killer Klown
108245 | Zot:5    | Noticed a Killer Klown
108245 | Zot:5    | Noticed a Killer Klown
108245 | Zot:5    | Noticed a Killer Klown
108245 | Zot:5    | Noticed a Killer Klown
108471 | Zot:5    | a Killer Klown changed into a golden dragon
108652 | Zot:4    | Killed a Killer Klown
108655 | Zot:4    | Killed a Killer Klown
108711 | Zot:4    | Killed a Killer Klown
108712 | Zot:4    | Reached skill level 27 in Fighting
108728 | Zot:5    | Killed a Killer Klown
108744 | Zot:5    | a Killer Klown changed into a rockslime
108752 | Zot:5    | Killed a Killer Klown
108778 | Zot:5    | Killed a Killer Klown
109302 | Zot:5    | Noticed an ancient lich
109444 | Zot:5    | Received a gift from Trog
109489 | Zot:5    | Noticed a dread lich
109505 | Zot:5    | Killed a dread lich
109706 | Zot:5    | Noticed a dread lich
109710 | Zot:5    | Noticed an orb of fire
109711 | Zot:5    | Gained mutation: Your magical capacity is very low. (-20%
                  | MP) [an orb of fire]
109717 | Zot:5    | Killed a dread lich
109721 | Zot:5    | Killed an orb of fire
109729 | Zot:5    | Noticed a dread lich
109730 | Zot:5    | Noticed an orb of fire
109736 | Zot:5    | Noticed a Killer Klown
109737 | Zot:5    | Gained mutation: Your magical capacity is extremely low.
                  | (-30% MP) [an orb of fire]
109753 | Zot:5    | Gained mutation: You sometimes lose the ability to read
                  | scrolls when taking damage. [an orb of fire]
109764 | Zot:5    | HP: 8/237 [??? (5)]
109764 | Zot:5    | Slain by a wandering mushroom

Illustrated notes

Levels and vault maps discovered:
D:1:      elethiomel_arrival_infinity_welcomes_careful_drivers,
          layout_loops_ring, hellmonk_ecumenical_altar_zigzags, minmay_unequal
D:2:      layout_loops_ring, minmay_quantized
D:3:      layout_basic, mainiacjoe_overflow_cross_hatched,
          mainiacjoe_overflow_alcove_4, ebering_ghost_disaster_area
D:4:      layout_rooms, chequers_temple_overflow_minitemple, temple_hall_moat
D:5:      layout_basic, kennysheep_generic_room_8, uniq_prince_ribbit1
D:6:      layout_basic, uniq_blork_the_orc, uniq_crazy_yiuf_cottage,
          uniq_sigmund, uniq_menkaure
D:7:      layout_basic, nicolae_qazlal_scattered_showers, dk_vineyard_3,
          minmay_shop_damaged, chequers_mini_garden, minmay_ruined_shrine,
          uniq_harold
D:8:      layout_gridville, erik_lair_orcish_takeover, serial_shops, shop,
          special_room [special_room_kobold], hangedman_feature_mirror,
          minmay_diamond_spiral
D:9:      layout_irregular_city, serial_column_ruins, column_ruins_grid_1,
          column_ruins_grid_1, column_ruins_columns_dead_end,
          column_ruins_open_tiny, lemuel_flamethrower_2
D:10:     layout_basic, david_orc_2, minivault_13
D:11:     layout_loops_corners, uniq_nergalle
D:12:     gammafunk_wand_slinger, layout_irregular_city, serial_shops,
          nicolae_inconvenience_store, gammafunk_ghost_nasty_kobolds
D:13:     layout_irregular_city, skrybe_vaults_entry_preservation, serial_shops,
          nicolae_shop_stone, shop, shop, shop, nicolae_shop_waterfront,
          portal_ice_cave_entry_pillars_2
D:14:     layout_rooms, serial_park_tiny_1, bh_hangedman_babel_library
D:15:     gammafunk_enter_depths_forms, layout_basic, nicolae_two_hexagons,
          amcnicky_mini_pool_small, hangedman_glass_teeth, drop_trap,
          grunt_decor_junction, fedhas_altar_2, uniq_jorgrun, uniq_josephine
Lair:1:   beast_lair_carwin_large_2, layout_big_grid, roderic_batcave
Lair:2:   cheibrodos_lair_river_kwai, layout_hall_layers,
          minmay_shoals_entry_beasts, uniq_fannar
Lair:3:   layout_cave_pods, dummy_spider_entry, serial_bayou_lagoon_a
Lair:4:   layout_hall_layers, special_room [special_room_mythical_zoo],
          gammafunk_ghost_grave, infiniplex_staircase_pool
Lair:5:   layout_regular_city, hellmonk_guarded_unrand_zhor
Lair:6:   evilmike_catoblepas_cave, layout_gridlike, slime_dummy,
          gauntlet_entry_generic, disabler_island
Shoals:1: layout_shoals, gammafunk_ghost_grave
Shoals:2: layout_shoals, serial_shops, shop
Shoals:3: layout_shoals, abandoned_shop, nicolae_shoals_hidden_pirate_stash
Shoals:4: shoals_end_simple, layout_shoals, uniq_mlioglotl
Spider:1: layout_spider_delve, uniq_aizul
Spider:2: layout_spider_delve
Spider:3: layout_cave_pods
Spider:4: guppyfry_spider_rune, hellmonk_test_site, uniq_arachne, uniq_louise
Orc:1:    layout_caves, mines_bat_river
Orc:2:    pf_orc_diabolical, layout_caves, basic_altar,
          nicolae_volcano_entry_batcave, uniq_saint_roka, uniq_rupert
Elf:1:    elf_arrival_002, layout_gridlike, serial_shops, shop,
          minmay_elf_necromancy, grunt_megastairs_3
Elf:2:    nicolae_elf_blades_splatter_lattice [nicolae_blade_bullseye],
          layout_loops_cross, serial_shops, nicolae_shop_bloodbath_and_beyond,
          shop_fountains, uniq_donald
Elf:3:    minmay_elf_hall_quartered_circle, layout_loops_cross, serial_shops,
          nicolae_shop_waterfront, grunt_ministairs_1, kb_rosetta
Vaults:1: ontoclasm_vaults_loading_screen, v_pattern_2, v_rooms_1,
          nicolae_vaults_yaktaur_gun_rack, v_misc_27,
          vaults_room_hangedman_quadrants, vaults_room_corners,
          vaults_dpeg_ring, vaults_room_pool, nicolae_vaults_gold_heap,
          layout_vaults_omnigrid, uniq_nikola
Vaults:2: gammafunk_ghost_mausoleum, v_misc_28, nicolae_vaults_quartermaster,
          ontoclasm_vaults_decontamination, nicolae_vaults_little_squares_4,
          v_rooms_4, vaults_room_ringed_pool, nicolae_vaults_little_squares_4,
          v_misc_3, hangedman_vaults_slice, hangedman_vaults_restitches,
          v_alt_pattern_2, ontoclasm_vaults_idyll, ontoclasm_vaults_gateway,
          layout_vaults_omnibox
Vaults:3: vaults_mumra_minichess_inversion, grunt_vaults_hallway_short,
          nicolae_vaults_border_crossing, vaults_room_fours, v_misc_27,
          nicolae_vaults_mini_display_case, hangedman_vaults_stream,
          minmay_crypt_entry_necro_gods, nicolae_vaults_little_squares_2,
          st_more_cells, nicolae_vaults_circle_grid_a,
          nicolae_vaults_ring_of_whatevers, vaults_room_semicircle,
          layout_vaults_big_room, uniq_margery
Vaults:4: v_rooms_3, v_misc_11, nicolae_vaults_rhombus_7, vaults_mumra_lcd,
          v_alt_pattern_2, ontoclasm_vaults_twist, grunt_vaults_swirl,
          v_misc_33, st_lattice, hangedman_vaults_stitches, grunt_vaults_focal,
          vaults_dpeg_spiral, ontoclasm_vaults_pinch,
          grunt_vaults_hallway_short, v_misc_17,
          nicolae_vaults_inception_scallops, nicolae_vaults_diagonal_hallway_9,
          vaults_room_pool, layout_vaults_maze_bifur, serial_glass,
          uniq_bai_suzhen
Vaults:5
Depths:1: layout_basic, grunt_pan_entry_in_and_out, minmay_misc_feat_roman,
          hangedman_coc_ice_floe, serial_shops, bzr_entry_road,
          nicolae_gozag_cash_rules_everything_around_me, grunt_megastairs_2,
          serial_bayou_shore_b, serial_bayou_shore_b
Depths:2: nicolae_terramorphic_expanse [nicolae_terramorphic_quarter,
          nicolae_terramorphic_quarter, nicolae_terramorphic_quarter,
          nicolae_terramorphic_quarter, nicolae_terramorphic_quarter,
          nicolae_terramorphic_biome, nicolae_terramorphic_biome,
          nicolae_terramorphic_biome, nicolae_terramorphic_biome],
          layout_gridlike, enter_ziggurat_c, interstate_on_off,
          minmay_room_of_horrors, pan_entry, hell_entry
Depths:3: kb_forest_paths, layout_cross, abyss_entry_glasseish, hell_entry,
          minmay_staircase_statues
Depths:4: hangedman_pleasuredromes, hell_entry, abyss_entry
Zot:1:    layout_twisted_circle
Zot:2:    gammafunk_mikee_crab_dinner, layout_concentric_octagons
Zot:3:    layout_onion_interference, grunt_megastairs_4
Zot:4:    layout_concentric_octagons, zot_minivault_1
Zot:5:    layout_misc_corridors, grunt_ministairs_3, drop_trap

Skill      XL: |  1  2  3  4  5  6  7  8  9 10 11 12 13 14 15 16 17 18 19 20 21 22 23 24 25 |
---------------+----------------------------------------------------------------------------+-----
Axes           | 4 5 6 7 9 10 12 13 14 16 17 18 19 20 21 22 23 24 25 | 25.7
Fighting       | 4 5 6 7 8 9 11 12 13 14 15 16 17 19 21 22 23 24 25 27 | 27.0
Armour         | 3 4 5 6 8 10 11 12 14 15 16 17 18 19 21 | 21.5
Evocations     | 1 2 3 4 5 6 7 8 9 10 11 12 13 | 13.8
Dodging        | 3 4 5 6 7 8 9 11 12 | 12.5
Stealth        | 1 3 5 6 7 8 9 10 11 12 | 12.9
Shields        | 1 3 5 8 11 13 16 19 21 23 25 26 27 | 27.0

Action                   |  1- 3 |  4- 6 |  7- 9 | 10-12 | 13-15 | 16-18 | 19-21 | 22-24 | 25-27 || total
-------------------------+-------+-------+-------+-------+-------+-------+-------+-------+-------++-------
Melee: Hand axe          |    78 |   107 |   210 |     3 |       |       |       |       |       ||   398
       Headbutt          |     8 |    20 |    46 |   104 |   227 |   409 |   544 |   532 |   182 ||  2072
       Punch             |       |     2 |     2 |       |       |       |       |       |       ||     4
       Battleaxe         |       |       |       |   361 |   599 |       |       |       |       ||   960
       Broad axe         |       |       |       |   116 |    48 |       |     7 |    22 |       ||   193
       War axe           |       |       |       |       |   150 |  1455 |  1608 |  1642 |   534 ||  5389
       Executioner's axe |       |       |       |       |    62 |    49 |       |       |       ||   111
Invok: Berserk           |     1 |     1 |     9 |    10 |    15 |    19 |    18 |    17 |     6 ||    96
       Trog's Hand       |       |       |       |     3 |     1 |     3 |       |     9 |     3 ||    19
       Brothers in Arms  |       |       |       |       |     2 |       |       |     3 |     2 ||     7
 Abil: Evoke Blink       |       |       |       |       |       |       |       |       |    17 ||    17
Evoke: Wand              |       |       |       |     2 |     4 |     7 |       |       |    21 ||    34
       Box of beasts     |       |       |       |       |       |       |       |     2 |       ||     2
       Condenser vane    |       |       |       |       |       |       |       |     1 |     1 ||     2
       Phial of floods   |       |       |       |       |       |       |       |     1 |       ||     1
       Phantom mirror    |       |       |       |       |       |       |       |     1 |       ||     1
       Tin of tremorston |       |       |       |       |       |       |       |     1 |       ||     1
       Lightning rod     |       |       |       |       |       |       |       |       |     6 ||     6
  Use: Scroll            |       |     6 |     2 |    19 |    21 |    18 |    12 |    25 |     6 ||   109
       Potion            |       |     1 |       |     3 |     4 |    10 |     1 |     5 |    14 ||    38
 Stab: Sleeping          |       |       |       |       |       |     4 |     1 |     8 |       ||    13
       Distracted        |       |       |       |       |       |       |     1 |     9 |     2 ||    12
       Paralysed         |       |       |       |       |       |       |     1 |       |       ||     1
       Invisible         |       |       |       |       |       |       |       |     4 |       ||     4
Armor: Chain mail        |    49 |    44 |    14 |       |       |       |       |       |       ||   107
       Scale mail        |       |       |    52 |   183 |    35 |       |       |       |       ||   270
       Plate armour      |       |       |       |       |   488 |   792 |   642 |   424 |   169 ||  2515
       Gold dragon scale |       |       |       |       |       |       |       |       |    74 ||    74
Dodge: Dodged            |    27 |    32 |   122 |   321 |   606 |   562 |   344 |   318 |   174 ||  2506
Block: Tower shield      |       |       |       |    87 |   206 |  1786 |  1585 |  1550 |   663 ||  5877
       Other             |       |       |       |       |    35 |       |       |       |       ||    35
       Reflection        |       |       |       |       |     4 |    11 |    82 |   118 |    14 ||   229
